 Dungeon Crawl Stone Soup version 0.31-a0-198-g2ad674f65e (webtiles) character file.

Game seed: 7095773416294844668

58 qw the Shooter (level 3, -4/20 HPs)
             Began as a Deep Elf Hunter on June 25, 2023.
             Slain by a gnoll
             ... wielding a +0 spear
              (5 damage)
             ... on level 3 of the Dungeon.
             The game lasted 00:00:29 (1165 turns).

qw the Shooter (Deep Elf Hunter)                    Turns: 1165, Time: 00:00:29

Health: -4/20      AC:  3    Str: 10    XL:     3   Next: 75%
Magic:  5/5        EV: 12    Int: 13    God:
Gold:   198        SH:  0    Dex: 18    Spells: 2/2 levels left

rFire   . . .        Y - +0 shortbow
rCold   . . .        (shield currently unavailable)
rNeg    . . .        c - +0 leather armour
rPois   .            (no helmet)
rElec   .            (no cloak)
rCorr   .            (no gloves)
SInv    .            (no boots)
Will    .....        (no amulet)
Stlth   ++           (no ring)
HPRegen 0.23/turn    (no ring)
MPRegen 0.09/turn

%: no passive effects
@: no status effects
A: no striking features
a: no special abilities


You were on level 3 of the Dungeon.
You visited 1 branch of the dungeon, and saw 3 of its levels.

You collected 198 gold pieces.


   Skills:
 - Level 1.5 Fighting
 + Level 7.2 Ranged Weapons
 - Level 2.4 Dodging
 - Level 1.2 Stealth


You had 2 spell levels left.
You didn't know any spells.
Your spell library was empty.

Inventory:

Hand Weapons
 Y - a +0 shortbow (weapon)
Armour
 c - a +0 leather armour (worn)
Potions
 a - a potion of might {unknown}
 d - a potion of mutation {unknown}
 e - a potion of curing {unknown}
 f - a potion of berserk rage {unknown}

Dungeon Overview and Level Annotations

Branches:
Dungeon (3/15)

Altars:


Message History

You climb downwards.
There is a stone staircase leading up here.
Waypoint 2 assigned to D:3.
A gnoll comes into view. It is wielding a +3 spear.
The gnoll shouts!
An adder comes into view.
A hobgoblin comes into view.
A gnoll comes into view. It is wielding a +0 spear.
1155 ||| Stepping ~*~*~tactically~*~*~ (outnumbered).
An adder and a gnoll come into view.
The hobgoblin shouts!
The adder hisses angrily.
A gnoll comes into view. It is wielding a +0 flail.
1157 ||| Stepping ~*~*~tactically~*~*~ (outnumbered).
An adder and a worm come into view.
The gnoll shouts!
The gnoll barely misses you.
1159 ||| Stepping ~*~*~tactically~*~*~ (outnumbered).
The adder barely misses you.
1161 ||| Stepping ~*~*~tactically~*~*~ (outnumbered).
The adder attacks as you move away! The adder bites you.
You shoot an arrow. The arrow hits the adder!
The adder is severely wounded.
The adder bites you.
You are poisoned.
The adder poisons you! The adder barely misses you.
You shoot an arrow. The arrow hits the adder.
The adder is almost dead.
You feel sick. The adder closely misses you. The gnoll barely misses you.
The adder barely misses you.
You shoot an arrow. The arrow misses the adder.
You feel sick. The adder bites you.
The gnoll hits you from afar with a +3 spear!
Ouch! That really hurt!
You shoot an arrow. The arrow closely misses the adder.
The arrow hits the gnoll!
The gnoll is heavily wounded.
You feel sick.
You are no longer poisoned.
The adder barely misses you. The gnoll misses you.
The gnoll hits you from afar with a +0 spear.
You die...

.... .... ###
.g... ..#
.w$.##.#
###.g...#
##......g#######
.....gg.gg......
.....###S.......
.......@........
.....##.###.....
... #.# .... .
#.# ... #<# ..
### .


You could see 3 gnolls and an adder.

Vanquished Creatures
  An adder (D:2)
  A worm (D:2)
  A dart slug (D:1)
  5 bats
  4 endoplasms
  2 giant cockroaches (D:1)
  4 goblins
  5 hobgoblins
  3 jackals (D:2)
  5 kobolds
  A quokka (D:2)
  3 ball pythons
  2 frilled lizards
  A rat (D:2)
38 creatures vanquished.

Notes
Turn   | Place    | Note
-------+----------+-------------------------------------------
     0 | D:1      | qw the Deep Elf Hunter began the quest for the Orb.
     0 | D:1      | Reached XP level 1. HP: 12/12 MP: 3/3
     0 | D:1      | 0 ||| qw: Version: 0.3-a-22-g0ed2b0b
     0 | D:1      | 0 ||| qw: Game counter: 5379
     0 | D:1      | 0 ||| qw: Melee chars always use a shield: true
     0 | D:1      | 0 ||| qw: God list: Okawaru
     0 | D:1      | 0 ||| qw: Allow faded altars: false
     0 | D:1      | 0 ||| qw: Do Orc after clearing Dungeon:15 true
     0 | D:1      | 0 ||| qw: Do second Lair branch before Depths: true
     0 | D:1      | 0 ||| qw: Lair rune preference: random
     0 | D:1      | 0 ||| qw: Goals: Normal
     0 | D:1      | 0 ||| PLANNING D:1-11
   154 | D:1      | Reached XP level 2. HP: 16/16 MP: 4/4
   180 | D:1      | Reached skill level 6 in Ranged Weapons
   579 | D:1      | 579 ||| READING scroll labelled IHERYF GOCUCA.
   580 | D:1      | 580 ||| READING scroll labelled BASHICW QEJOEW.
   581 | D:1      | 581 ||| READING scroll labelled NERYS WYR ZIBUS.
   582 | D:1      | 582 ||| DROPPING scroll of butterflies.
   652 | D:2      | Reached XP level 3. HP: 14/20 MP: 5/5
   781 | D:2      | Reached skill level 7 in Ranged Weapons
  1142 | D:2      | 1142 ||| READING scroll labelled RIDGHA KIOCIMI.
  1155 | D:3      | 1155 ||| Stepping ~*~*~tactically~*~*~ (outnumbered).
  1157 | D:3      | 1157 ||| Stepping ~*~*~tactically~*~*~ (outnumbered).
  1159 | D:3      | 1159 ||| Stepping ~*~*~tactically~*~*~ (outnumbered).
  1161 | D:3      | 1161 ||| Stepping ~*~*~tactically~*~*~ (outnumbered).
  1164 | D:3      | HP: 1/20 [gnoll/+3 spear (11)]
  1165 | D:3      | Slain by a gnoll

Levels and vault maps discovered:
D:1:      shiori_angband_town, layout_basic
D:2:      cheibrodos_helix_gallery, layout_rooms, hangedman_decor_points,
          grunt_ministairs_15, minmay_misc_feat_square
D:3:      layout_basic, shapermc_ecumenical_altar_mp_vishouse

Skill      XL: |  1  2  3 |
---------------+----------+-----
Ranged Weapons | 6 7 |  7.2
Fighting       | |  1.5
Dodging        | |  2.4
Stealth        | |  1.2

Action                     || total
---------------------------++-------
   Fire: Shortbow          ||   108
    Use: Scroll            ||     4
 Armour: Leather armour    ||     8
  Dodge: Dodged            ||    20

Table legend:
 A = Non-vault XP
 B = Vault XP
 C = Vault XP percentage of total XP
 D = Non-vault monster count
 E = Vault monster count
 F = Vault count percentage of total count
                 A         B        C        D         E       F
            +---------+---------+-------+---------+---------+-------
      Total |      76 |       7 |   8.4 |      34 |       4 |  10.5
            +---------+---------+-------+---------+---------+-------
        D:1 |      33 |       0 |   0.0 |      17 |       0 |   0.0
        D:2 |      43 |       7 |  14.0 |      17 |       4 |  19.0
            +---------+---------+-------+---------+---------+-------
